 Dungeon Crawl Stone Soup version 0.28.0 (webtiles) character file.

Game seed: 7580965174331852481

1684 pkoi the Destroyer (level 8, 0/52 (57) HPs)
             Began as a Black Draconian Conjurer on Feb 16, 2022.
             Was an Initiate of Sif Muna.
             Slain by a wight (3 damage)
             ... on level 6 of the Dungeon.
             The game lasted 00:09:36 (10050 turns).

pkoi the Destroyer (Black Draconian Conjurer)      Turns: 10050, Time: 00:09:36

HP:   0/52 (57)     AC:  6    Str: 10    XL:     8   Next: 71%
MP:   4/14          EV: 12    Int: 21    God:    Sif Muna [......]
Gold: 235           SH:  0    Dex:  9    Spells: 3/15 levels left

rFire   . . .      SeeInvis .   d - +0 scythe (venom)
rCold   . . .      Faith    .   (shield currently unavailable)
rNeg    . . .      Spirit   .   (armour unavailable)
rPois   .          Reflect  .   (helmet restricted)
rElec   +          Harm     .   (no cloak)
rCorr   .          Rampage  .   (no gloves)
Will    .....                   (no boots)
Stlth   ++........              (no amulet)
HPRegen 0.17/turn               (no ring)
MPRegen 0.14/turn               (no ring)

@: slowed, drained, very slow
A: breathe lightning, AC +6, unfitting armour, electricity resistance,
cold-blooded
a: Breathe Lightning, Renounce Religion


You were on level 6 of the Dungeon.
You worshipped Sif Muna.
Sif Muna was noncommittal.
You visited 2 branches of the dungeon, and saw 7 of its levels.
You also visited: Ossuary.

You collected 235 gold pieces.

Inventory:

Hand Weapons
 c - a +5 flail of holy wrath
 d - a +0 scythe of venom (weapon)
 g - a +0 short sword
Jewellery
 l - a ring of flight
Scrolls
 b - 3 scrolls of summoning {unknown}
 e - a scroll of teleportation {unknown}
 f - a scroll of holy word {unknown}
 h - 5 scrolls of identify {unknown}
 k - 2 scrolls of fear {unknown}
 m - 5 scrolls of magic mapping {unknown}
 n - 3 scrolls of amnesia {unknown}
 o - a scroll of enchant armour {unknown}
 q - a scroll of brand weapon {unknown}
Potions
 a - a potion of curing
 i - 2 potions of heal wounds {unknown}
 j - 3 potions of might {unknown}
 p - a potion of resistance {unknown}
 r - a potion of haste {unknown}
 s - a potion of invisibility {unknown}
 t - a potion of attraction {unknown}


   Skills:
 - Level 1.7 Dodging
 - Level 1.7 Stealth
 - Level 4.0 Spellcasting
 + Level 8.0 Conjurations
 + Level 5.4 Hexes
 + Level 3.2 Summonings
 + Level 3.1 Translocations
 + Level 0.5 Invocations


You had 3 spell levels left.
You knew the following spells:

 Your Spells              Type           Power      Damage    Failure   Level
a - Magic Dart            Conj           100%       1d8       1%          1
b - Searing Ray           Conj           74%        2d7       1%          2
c - Dazzling Flash        Conj/Hex       64%        N/A       2%          3
d - Apportation           Tloc           34%        N/A       3%          1
e - Iskenderun's Mystic   Conj/Tloc      27%        2d7       12%         4
f - Summon Small Mammal   Summ           68%        N/A       3%          1

Your spell library contained the following spells:

 Spells                   Type           Power      Damage    Failure   Level
 Summon Guardian Golem    Hex/Summ       22%        N/A       6%          3
 Call Canine Familiar     Summ           17%        N/A       10%         3
 Fulminant Prism          Conj/Hex       16%        3d11      8%          4
 Alistair's Intoxication  Tmut/Pois      2%         N/A       97%         5


Dungeon Overview and Level Annotations

Branches:
Dungeon (6/15)             Temple (1/1) D:5         Ossuary (visited)

Altars:
Ashenzari
Cheibriados
Dithmenos
Elyvilon
Gozag
Hepliaklqana
Kikubaaqudgha
Makhleb
Nemelex Xobeh
Okawaru
Qazlal
Ru
Sif Muna
Trog
Uskayaw
Vehumet
Wu Jian
Xom
Yredelemnul
Zin
The Shining One


Innate Abilities, Weirdness & Mutations

You can breathe wild blasts of lightning.
Your glossy black scales are hard. (AC +6)
You cannot fit into any form of body armour.
You are resistant to electric shocks. (rElec)
You are cold-blooded and may be slowed by cold attacks.


Message History

Casting: Searing Ray (safe; 1% risk of failure)
Confirm with . or Enter, or press ? or * to list all spells.
Aiming: Searing Ray (safe; 1% risk of failure)
Press: ? - help, Shift-Dir - straight line, f/p - wight
Aim: a wight, wielding a +1 scimitar of freezing and wearing a +0 robe (severely damaged, 81% to hit)
The searing ray misses the wight.
The searing ray hits the wight.
The wight is lightly damaged. (Press . to maintain the ray.)
The searing ray hits the wight!
You destroy the wight!
Sif Muna accepts your kill. The wight hits you but does no damage.
Your Conjurations skill increases to level 8!
The wight hits you with a +5 short sword of freezing!
* * * LOW HITPOINT WARNING * * *
You feel yourself slow down. The wight freezes you.
* * * LOW HITPOINT WARNING * * *
You finish channelling your searing ray.
The wight hits you with a +5 short sword of freezing.
* * * LOW HITPOINT WARNING * * *
You feel drained.
* * * LOW HITPOINT WARNING * * *
You feel as though you will be slow longer.
The wight freezes you.
* * * LOW HITPOINT WARNING * * *
Casting: Searing Ray (safe; 1% risk of failure)
Confirm with . or Enter, or press ? or * to list all spells.
Aiming: Searing Ray (safe; 1% risk of failure)
Press: ? - help, Shift-Dir - straight line, f - wight
Aim: a wight, wielding a +5 short sword of freezing and wearing a +0 robe (lightly damaged, 81% to hit)
The searing ray misses the wight. (Press . to maintain the ray.)
The wight hits you with a +5 short sword of freezing.
* * * LOW HITPOINT WARNING * * *
The wight freezes you.
* * * LOW HITPOINT WARNING * * *
The wight hits you with a +5 short sword of freezing!
* * * LOW HITPOINT WARNING * * *
You feel drained.
You die...

...≈..#.....##.#.##
...≈..#.##.##..#..#
..≈≈. #..####.....+
≈≈≈.. ... ##....#
..<. #....## #..#
####.## #...####..+
#....#)## #...z@.#
#...##..# #....#.
#..+ .... ## ##.#
### .# .# ##


You could see a wight.

Vanquished Creatures
  Prince Ribbit (D:6)
  Sigmund (D:4)
  Menkaure (D:6)
  Edmund (D:5)
  2 black bears
  2 centaurs (D:5)
  2 scorpions (D:5)
  A water moccasin skeleton (D:5)
  A wight (D:6)
  A howler monkey (D:5)
  3 centaur zombies (Ossuary)
  3 jellies
  A hound (D:6)
  An iguana (D:5)
  An orc wizard (D:3)
  A killer bee zombie (D:5)
  4 mummies (Ossuary)
  A gnoll (D:6)
  9 adders
  A shadow imp (D:5)
  An ufetubus (D:4)
  An adder skeleton (D:4)
  A worm (D:2)
  3 dart slugs
  5 orcs
  A ball python (D:1)
  6 endoplasms
  2 giant cockroaches (D:3)
  A gnoll zombie (Ossuary)
  5 goblins
  3 hobgoblins
  11 jackals (D:1)
  A quokka (D:1)
  5 bats
  A frilled lizard (D:1)
  A goblin zombie (Ossuary)
  A kobold (D:1)
  A kobold zombie (Ossuary)
  2 orc zombies (Ossuary)
  7 rats
97 creatures vanquished.

Notes
Turn   | Place    | Note
-------+----------+-------------------------------------------
     0 | D:1      | pkoi the Draconian Conjurer began the quest for the Orb.
     0 | D:1      | Reached XP level 1. HP: 14/14 MP: 3/3
   377 | D:1      | Reached XP level 2. HP: 15/20 MP: 0/5
   473 | D:1      | Learned a level 2 spell: Searing Ray
  1166 | D:1      | Reached skill level 5 in Conjurations
  1166 | D:1      | Reached XP level 3. HP: 14/26 MP: 0/6
  1414 | D:1      | Learned a level 3 spell: Dazzling Flash
  2306 | D:2      | Found a faded altar of an unknown god.
  2498 | D:2      | Reached skill level 1 in Hexes
  2664 | D:2      | Reached XP level 4. HP: 33/33 MP: 5/7
  2666 | D:2      | Learned a level 1 spell: Apportation
  3995 | D:3      | Reached XP level 5. HP: 28/38 MP: 0/8
  4783 | D:4      | Noticed Sigmund
  4924 | D:5      | Entered Level 5 of the Dungeon
  4924 | D:5      | Noticed a black bear
  4932 | D:5      | Killed a black bear
  4933 | D:5      | Reached skill level 6 in Conjurations
  4933 | D:5      | Reached XP level 6. HP: 19/45 MP: 0/10
  4934 | D:5      | Found a sand-covered staircase.
  4939 | Ossuary  | Entered an ossuary
  6902 | D:5      | Learned a level 4 spell: Iskenderun's Mystic Blast
  6943 | D:5      | Your scales start taking on a glossy black colour.
  6943 | D:5      | Reached XP level 7. HP: 36/50 MP: 1/12
  6943 | D:5      | Gained mutation: You are resistant to electric shocks.
                  | (rElec) [Black Draconian growth]
  7549 | D:5      | Noticed Edmund
  7556 | D:5      | Killed Edmund
  7557 | D:5      | Reached skill level 7 in Conjurations
  7703 | D:5      | Learned a level 1 spell: Summon Small Mammal
  7770 | D:5      | Reached skill level 1 in Translocations
  8112 | D:5      | Found a staircase to the Ecumenical Temple.
  8123 | Temple   | Entered the Ecumenical Temple
  8374 | Temple   | Became a worshipper of Sif Muna the Loreminder
  8473 | D:5      | Reached skill level 1 in Summonings
  8473 | D:5      | Reached XP level 8. HP: 49/57 MP: 6/14
  8671 | D:4      | Killed Sigmund
  9382 | D:6      | Noticed Menkaure
  9387 | D:6      | Killed Menkaure
  9388 | D:6      | Reached skill level 5 in Hexes
  9645 | D:6      | Noticed Prince Ribbit
  9689 | D:6      | Killed Prince Ribbit
 10048 | D:6      | Reached skill level 8 in Conjurations
 10050 | D:6      | Slain by a wight

Illustrated notes

Levels and vault maps discovered:
D:1:      dpeg_arrival_round_c, layout_basic
D:2:      layout_rooms, chequers_ecumenical_altar_simple,
          minmay_misc_feat_square, chequers_serial_rivers_micro_c,
          kennysheep_small_spiral
D:3:      layout_rooms, minmay_misc_feat_chi
D:4:      layout_basic, uniq_sigmund
D:5:      layout_rooms, minmay_temple_entry_large_hall,
          nicolae_ossuary_entry_false_entrances, uniq_edmund
D:6:      layout_cave_pools, mainiacjoe_overflow_24_doors, serial_gnoll_camp,
          gnoll_camp_mini_shop, gnoll_camp_huts_moat, gnoll_camp_mini_doghouse,
          gnoll_camp_medium_01, gnoll_camp_mini_loothouse,
          gnoll_camp_mini_sergeant, grunt_ministairs_9, uniq_menkaure,
          uniq_prince_ribbit1
Temple:   nicolae_temple_the_god_donut

Skill      XL: |  1  2  3  4  5  6  7  8 |
---------------+-------------------------+-----
Conjurations   | 5 6 7 8 |  8.0
Hexes          | 1 2 3 4 5 |  5.4
Spellcasting   | 3 4 |  4.0
Translocations | 1 3 |  3.1
Summonings     | 1 3 |  3.2
Dodging        | |  1.7
Stealth        | |  1.7
Invocations    | |  0.5

Action                   |  1- 3 |  4- 6 |  7- 9 || total
-------------------------+-------+-------+-------++-------
Melee: Unarmed           |    87 |       |       ||    87
       Tailslap          |    14 |     1 |       ||    15
       Short sword       |       |    43 |     2 ||    45
       Punch             |       |     3 |       ||     3
       Scythe            |       |       |     6 ||     6
 Cast: Magic Dart        |    52 |    79 |    21 ||   152
       Searing Ray       |     2 |    17 |    19 ||    38
       Dazzling Flash    |       |       |     1 ||     1
 Abil: Breathe Lightning |       |       |     3 ||     3
  Use: Potion            |       |     2 |       ||     2
Armor: Skin              |    26 |    55 |     8 ||    89
Dodge: Dodged            |    72 |    58 |    30 ||   160
